 Dungeon Crawl Stone Soup version 0.29.1-15-g9cfb28693d (webtiles) character file.

Game seed: 13359040229876258624

178 tizbic2 the Shield-Bearer (level 5, -8/43 HPs)
             Began as a Formicid Fighter on Apr 18, 2023.
             Was a Believer of Trog.
             Mangled by Sigmund
             ... wielding a +0 scythe
              (9 damage)
             ... on level 3 of the Dungeon.
             The game lasted 00:09:04 (2493 turns).

tizbic2 the Shield-Bearer (Formicid Fighter)        Turns: 2493, Time: 00:09:04

Health: -8/43      AC:  7    Str: 22    XL:     5   Next: 89%
Magic:  5/5        EV:  9    Int:  8    God:    Trog [**....]
Gold:   155        SH:  5    Dex: 13    Spells: 4/4 levels left

rFire   . . .      SeeInvis +   a - +1 morningstar (drain)
rCold   . . .      Faith    .   c - +0 buckler
rNeg    . . .      Spirit   .   b - +0 scale mail
rPois   .          Reflect  .   (helmet unavailable)
rElec   .          Harm     .   (no cloak)
rCorr   +          Rampage  .   (no gloves)
Will    .....                   (no boots)
Stlth   ..........              (no amulet)
HPRegen 0.14/turn               p - ring of resist corrosion
MPRegen 0.09/turn               (no ring)

@: mighty, studying Throwing
A: permanent stasis, dig shafts and tunnels, antennae 3, four strong arms
a: Dig, Shaft Self, Renounce Religion, Trog's Hand


You were on level 3 of the Dungeon.
You worshipped Trog.
Trog was pleased with you.
You visited 1 branch of the dungeon, and saw 3 of its levels.

You collected 155 gold pieces.

Inventory:

Hand Weapons
 a - a +1 morningstar of draining (weapon)
 w - a +0 war axe
Missiles
 e - 16 stones
 f - 3 javelins
 j - 9 boomerangs (quivered)
 q - 8 poisoned darts
Armour
 b - a +0 scale mail (worn)
 c - a +0 buckler (worn)
 r - a +1 robe of fire resistance
Jewellery
 p - a ring of resist corrosion (left hand)
Scrolls
 g - 2 scrolls of identify
 h - a scroll of vulnerability
 k - a scroll of fog {unknown}
 n - 2 scrolls of fear
Potions
 i - a potion of curing
 l - 2 potions of attraction
 m - a potion of brilliance {unknown}
 o - a potion of flight {unknown}


   Skills:
 * Level 4.6 Fighting
 - Level 2.3(2.5) Axes
 + Level 0.9(1.8) Maces & Flails
 + Level 1.5 Throwing
 + Level 4.0 Armour
 * Level 5.6 Shields


You had 4 spell levels left.
You didn't know any spells.
Your spell library was empty.

Dungeon Overview and Level Annotations

Branches:
Dungeon (3/15)

Altars:
Trog
Uskayaw

Shops:
D:1 ?(

Annotations:
D:3 Sigmund


Innate Abilities, Weirdness & Mutations

You cannot be hasted, slowed, berserked, paralysed or teleported.
You can dig through walls and to a lower floor.
You have a pair of large antennae on your head. (SInv)
Your four strong arms can wield two-handed weapons with a shield.


Message History

Beogh smites you! The orc barely misses you. You block Sigmund's attack.
You closely miss the orc priest.
The orc priest is heavily wounded.
You completely miss the orc. You closely miss the orc. The orc misses you.
The orc barely misses you.
The orc priest hits you but does no damage.
Sigmund closely misses you.
The orc priest mumbles some strange prayers to Beogh against you.
Pain shoots through your body! The orc barely misses you.
You block the orc's attack.
You slash the orc priest!
You kill the orc priest!
Trog accepts your kill.
You hit the orc.
You kill the orc!
Trog accepts your kill.
You hit the orc.
You kill the orc!
Trog accepts your kill. You block Sigmund's attack.
Your Armour skill increases to level 4!
Sigmund hits you with a +0 scythe.
Things that are here:
a +0 flail; a +0 mace; a +0 leather armour You hit Sigmund but do no damage.
You sense an unholy aura.
a - a +1 morningstar of draining (weapon)
Sigmund hits you with a +0 scythe. The orc hits you but does no damage.
You closely miss Sigmund. The orc barely misses you.
Sigmund closely misses you. The orc hits you with a +0 short sword.
You barely miss Sigmund. Sigmund gestures at you while chanting.
The magic dart hits you!
* * * LOW HITPOINT WARNING * * *
The orc hits you with a +0 short sword.
* * * LOW HITPOINT WARNING * * *
Unknown command.
You feel very mighty all of a sudden. Sigmund hits you with a +0 scythe!
You die...

####...###.#....#.#
##......#..##..# { .
###.#.....##.### ########.
#.###.)))....######......$.
###.....)#...#........... #
#.........##.#.).........
##.#..................o.....
......##.....o>...#.{........
..........))@@...............
..#......##.##...............
# #..#.<.#..##.###...........
###......###..##.##.....#$.
.....##.....##.##...##.#####
##### #...#......##..#...
#.<.#......###......
#...#......# ######
#...########


You could see Sigmund and an orc.

Vanquished Creatures
  2 orc priests
  3 adders
  A worm (D:2)
  2 dart slugs
  13 orcs
  5 bats
  6 endoplasms
  4 giant cockroaches
  2 goblins (D:2)
  A hobgoblin (D:2)
  3 jackals (D:1)
  5 kobolds
  A quokka (D:1)
  4 ball pythons
  15 frilled lizards
  11 rats
78 creatures vanquished.

Vanquished Creatures (others)
  5 plants (D:3)
5 creatures vanquished.

Grand Total: 83 creatures vanquished

Notes
Turn   | Place    | Note
-------+----------+-------------------------------------------
     0 | D:1      | tizbic2 the Formicid Fighter began the quest for the Orb.
     0 | D:1      | Reached XP level 1. HP: 18/18 MP: 1/1
    49 | D:1      | Reached XP level 2. HP: 15/24 MP: 2/2
   160 | D:1      | Found Yngufad's Magic Scroll Boutique.
   170 | D:1      | Found a faded altar of an unknown god.
   337 | D:1      | Prayed at the altar of an unknown god.
   337 | D:1      | Became a worshipper of Trog the Wrathful
   337 | D:1      | Reached * piety under Trog
   569 | D:1      | Reached XP level 3. HP: 23/30 MP: 3/3
   806 | D:1      | Found Vajito's Weapon Emporium.
  1110 | D:2      | Reached XP level 4. HP: 37/37 MP: 4/4
  1133 | D:2      | Reached ** piety under Trog
  1413 | D:2      | Reached skill level 5 in Shields
  1600 | D:2      | Reached skill level 1 in Throwing
  1600 | D:2      | Reached XP level 5. HP: 20/42 MP: 5/5
  2462 | D:3      | Found a hide-covered altar of Uskayaw.
  2463 | D:3      | Noticed Sigmund
  2492 | D:3      | HP: 1/43 [orc/+0 short sword (4)]
  2493 | D:3      | Mangled by Sigmund

Illustrated notes

Levels and vault maps discovered:
D:1:      scummos_arrival_checkerplants, layout_basic, serial_shops,
          nicolae_shop_bloodbath_and_beyond, shop,
          shapermc_ecumenical_altar_starsandcircs, minmay_circled_x
D:2:      minmay_general_purpose_star, layout_loops_cross,
          chequers_serial_rivers_small_3, minmay_misc_feat_tower,
          minmay_misc_feat_chi
D:3:      layout_rooms, dancing_weapons_uskayaw, minmay_lizard_king,
          uniq_sigmund

Skill      XL: |  1  2  3  4  5 |
---------------+----------------+-----
Fighting       | 4 |  4.6
Shields        | 5 |  5.6
Throwing       | 1 |  1.5
Armour         | 4 |  4.0
Axes           | |  2.3
Maces & Flails | |  0.9

Action                   |  1- 3 |  4- 6 || total
-------------------------+-------+-------++-------
Melee: War axe           |   105 |    64 ||   169
       Morningstar       |       |    40 ||    40
  Use: Scroll            |     2 |     4 ||     6
       Potion            |       |     1 ||     1
Armor: Scale mail        |    66 |    61 ||   127
Dodge: Dodged            |    68 |    58 ||   126
Block: Buckler           |    45 |    36 ||    81
